 Dungeon Crawl Stone Soup version 0.28-a0-925-gd5e1996cdb (webtiles) character file.

Game seed: 7223140858172481467

1323 mcbry74 the Grappler (level 8, -17/74 HPs)
             Began as a Troll Berserker on Nov 26, 2021.
             Was a Believer of Trog.
             Killed from afar by an acid dragon (22 damage)
             ... with a splash of acid
             ... on level 5 of the Dungeon.
             The game lasted 00:10:57 (3029 turns).

mcbry74 the Grappler (Troll Berserker)              Turns: 3029, Time: 00:10:58

Health: -17/74     AC:  1    Str: 27    XL:     8   Next: 33%
Magic:  7/7        EV: 10    Int:  4    God:    Trog [**....]
Gold:   282        SH:  0    Dex:  9    Spells: 7/7 levels left

rFire   + . .      SeeInvis .     - Unarmed
rCold   + . .      Faith    .   (no shield)
rNeg    . . .      Spirit   .   a - +0 animal skin
rPois   .          Reflect  .   (helmet restricted)
rElec   .          Harm     .   s - +0 cloak
rCorr   .          Rampage  .   (gloves unavailable)
Will    ++...                   (boots unavailable)
Stlth   +.........              (no amulet)
HPRegen 2.02/turn               d - ring of protection from fire
MPRegen 0.10/turn               q - ring of protection from cold

@: strong-willed, corroded, regenerating
A: large, unfitting armour, claws 3, regeneration 1, shaggy fur 1, tough skin 1
a: Renounce Religion, Berserk, Trog's Hand


You were on level 5 of the Dungeon.
You worshipped Trog.
Trog was pleased with you.
You visited 1 branch of the dungeon, and saw 6 of its levels.

You collected 282 gold pieces.

Inventory:

Hand Weapons
 p - a +0 flail of holy wrath
Armour
 a - a +0 animal skin (worn)
 s - a +0 cloak (worn)
Jewellery
 d - a ring of protection from fire (left claw)
 o - a ring of fire
 q - a ring of protection from cold (right claw)
 x - a +6 ring of intelligence
Wands
 j - a wand of flame (43)
 v - a wand of digging (5)
Scrolls
 c - 2 scrolls of vulnerability {unknown}
 e - 2 scrolls of teleportation {unknown}
 f - 4 scrolls of identify {unknown}
 g - a scroll of amnesia {unknown}
 l - a scroll of holy word {unknown}
 m - 4 scrolls of immolation {unknown}
 r - 2 scrolls of fear {unknown}
 u - a scroll of blinking {unknown}
Potions
 b - 5 potions of curing {unknown}
 h - a potion of lignification {unknown}
 i - a potion of might {unknown}
 k - a potion of attraction {unknown}
 n - a potion of berserk rage {unknown}
 t - 2 potions of degeneration {unknown}
 w - a potion of flight {unknown}


   Skills:
 - Level 2.4 Fighting
 - Level 2.4 Dodging
 + Level 10.6 Unarmed Combat


You had 7 spell levels left.
You didn't know any spells.
Your spell library was empty.

Dungeon Overview and Level Annotations

Branches:
Dungeon (6/15)
 Temple: D:4-7

Altars:
Fedhas
Gozag
Trog
Wu Jian
Xom
Yredelemnul
Zin
The Shining One

Shops:
D:3 (


Innate Abilities, Weirdness & Mutations

You are too large for most types of armour.
You have claws for hands.
Your natural rate of healing is unusually fast.
You are covered in fur. (AC +1)
You have tough skin. (AC +1)


Message History

You see here a +0 club.
You now have 282 gold pieces (gained 15).
Items here: )) ††.
An acid dragon comes into view.
Okay, then.
An ogre comes into view. It is wielding a +0 giant club.
The acid dragon spits acid at you. The splash of acid hits you!
The acid corrodes you!
The ogre shouts!
Items here: )) ††.
You see here an adder corpse.
You start resting.
An acid dragon is nearby!
The acid dragon bites you! The acid dragon claws you.
You closely miss the acid dragon. The acid dragon bites you!
The acid dragon claws you.
You scratch the acid dragon but do no damage.
You claw the acid dragon!
The acid dragon is heavily wounded.
The acid dragon spits acid at you. The splash of acid hits you!!
* * * LOW HITPOINT WARNING * * *
You barely miss the acid dragon.
The acid dragon is heavily wounded.
Your skin crawls.
You feel strong-willed. The acid dragon bites you!
* * * LOW HITPOINT WARNING * * *
The acid dragon claws you.
* * * LOW HITPOINT WARNING * * *
You scratch the acid dragon but do no damage.
You claw the acid dragon.
The acid dragon is heavily wounded.
The acid dragon barely misses you. The acid dragon claws you.
* * * LOW HITPOINT WARNING * * *
You closely miss the acid dragon.
The acid dragon is heavily wounded.
The acid dragon spits acid at you. The splash of acid hits you!!
You die...

####'#####.....)..###.##..
#.########+####....##..
#.#.)...##)####....##..
#.#.....##....'........
#.#.....#######....##..
#.......+..............
###.....##########.##..
#.....# #..#.# #...@.#
#####'#.# ###D###
#........ #O)# #........
##.## #........ #...#
#........ ##.## #........
##...## #......>. #.....#
#........ ##.OD##
#..######


You could see an acid dragon (catching breath) and an ogre.

Vanquished Creatures
  Pikel (D:4)
  2 ogres
  A necrophage (D:4)
  A scorpion (D:4)
  A wyvern zombie (D:5)
  A water moccasin skeleton (D:4)
  A hound (D:4)
  A gnoll shaman (D:5)
  An orc priest (D:3)
  A centaur skeleton (D:4)
  A bullfrog skeleton (D:4)
  An iguana (D:4)
  13 gnolls
  4 adders
  An ufetubus (D:4)
  2 worms (D:2)
  A dart slug (D:1)
  5 orcs
  9 ball pythons
  9 endoplasms
  9 goblins
  6 hobgoblins
  3 jackals (D:4)
  5 quokkas
  6 bats
  4 frilled lizards
  3 kobolds
  6 rats
99 creatures vanquished.

Notes
Turn   | Place    | Note
-------+----------+-------------------------------------------
     0 | D:1      | mcbry74 the Troll Berserker began the quest for the Orb.
     0 | D:1      | Reached XP level 1. HP: 22/22 MP: 0/0
   197 | D:1      | Found a faded altar of an unknown god.
   202 | D:1      | Reached XP level 2. HP: 27/29 MP: 1/1
   466 | D:1      | Reached skill level 4 in Unarmed Combat
   491 | D:2      | Found an opulent altar of Gozag.
   519 | D:2      | Reached ** piety under Trog
   520 | D:2      | Reached XP level 3. HP: 36/36 MP: 2/2
  1087 | D:3      | Noticed an ogre
  1088 | D:3      | Found a glowing silver altar of Zin.
  1093 | D:3      | Killed an ogre
  1094 | D:3      | Reached skill level 5 in Unarmed Combat
  1094 | D:3      | Reached XP level 4. HP: 44/44 MP: 3/3
  1094 | D:3      | Reached XP level 5. HP: 50/50 MP: 4/4
  1094 | D:3      | Found a blossoming altar of Fedhas.
  1098 | D:3      | Found an ornate altar of the Wu Jian Council.
  1099 | D:3      | Found a basalt altar of Yredelemnul.
  1099 | D:3      | Found a bloodstained altar of Trog.
  1099 | D:3      | Found a shimmering altar of Xom.
  1099 | D:3      | Found a glowing golden altar of the Shining One.
  1135 | D:3      | Reached skill level 6 in Unarmed Combat
  1210 | D:3      | Found Turerchyk's Antique Weapon Shop.
  1932 | D:4      | Noticed a lemure
  1967 | D:4      | Noticed a lemure
  1967 | D:4      | Noticed Pikel
  1967 | D:4      | Noticed a lemure
  1971 | D:4      | Noticed a lemure
  1983 | D:4      | Killed Pikel
  1984 | D:4      | Reached skill level 8 in Unarmed Combat
  1984 | D:4      | Reached XP level 6. HP: 18/59 MP: 5/5
  1984 | D:4      | Reached XP level 7. HP: 20/66 MP: 6/6
  2040 | D:4      | Reached skill level 9 in Unarmed Combat
  2075 | D:5      | Entered Level 5 of the Dungeon
  2330 | D:4      | Reached XP level 8. HP: 47/74 MP: 7/7
  2333 | D:4      | Reached skill level 10 in Unarmed Combat
  2991 | D:5      | Reached *** piety under Trog
  3029 | D:5      | Killed from afar by an acid dragon

Illustrated notes

Levels and vault maps discovered:
D:1:      mainiacjoe_arrival_reflecting_pool, layout_basic,
          hellmonk_ecumenical_altar_leap_of_faith, minmay_close_crescents
D:2:      layout_rooms, basic_altar, minmay_quantized
D:3:      layout_basic, minitemple, serial_shops, nicolae_shop_statue_plus,
          kennysheep_generic_room_2
D:4:      layout_loops_ring, minivault_5, minivault_24, minmay_bent, uniq_pikel
D:5:      layout_basic, nicolae_figureground_sparkle
D:6:      layout_cave_pods, amcnicky_mini_pool_small

Skill      XL: |  1  2  3  4  5  6  7  8 |
---------------+-------------------------+-----
Unarmed Combat | 4 5 8 9 10 | 10.6
Fighting       | |  2.4
Dodging        | |  2.4

Action                   |  1- 3 |  4- 6 |  7- 9 || total
-------------------------+-------+-------+-------++-------
Melee: Unarmed           |    87 |    65 |   105 ||   257
       Punch             |       |       |     3 ||     3
Invok: Berserk           |     1 |     1 |       ||     2
       Trog's Hand       |       |     1 |     2 ||     3
 Stab: Sleeping          |     1 |       |       ||     1
Armor: Animal skin       |    24 |    19 |    27 ||    70
Dodge: Dodged            |    39 |    24 |    49 ||   112

Table legend: (Time is in decaauts)
 A = Elapsed time spent in this place.
 B = Non-inter-level travel time spent in this place.
 C = Inter-level travel time spent in this place.
 D = Time resting spent in this place.
 E = Time spent auto-exploring this place.
 F = Levels seen in this place.
 G = Mean time per level.
                   A        B        C        D        E       F      G
               +--------+--------+--------+--------+--------+-----+--------+
         Total |   3014 |   2922 |     92 |    104 |   1978 |   6 |  502.3 |
       Dungeon |   3014 |   2922 |     92 |    104 |   1978 |   6 |  502.3 |
               +--------+--------+--------+--------+--------+-----+--------+

Top non-repeatable levels by time:
     D:4: 944 daAuts
     D:3: 708 daAuts
     D:2: 540 daAuts
     D:1: 488 daAuts
     D:5: 330 daAuts
     D:6: 1 daAuts
